 Dungeon Crawl Stone Soup version 0.31-a0-632-g766dd24fdf (webtiles) character file.

Game seed: 9443502338215511369

131167 rjrrt the Severer (level 16, -1/134 HPs)
             Began as a Demonspawn Berserker on Aug 25, 2023.
             Was a High Priest of Trog.
             Killed from afar by a fire dragon (25 damage)
             ... with a blast of flame
             ... on level 15 of the Dungeon.
             The game lasted 01:17:13 (34133 turns).

rjrrt the Severer (Demonspawn Berserker)           Turns: 34133, Time: 01:17:14

Health: -1/134     AC: 27    Str: 25    XL:     16   Next: 54%
Magic:  16/16      EV: 13    Int:  9    God:    Trog [*****.]
Gold:   2098       SH:  0    Dex: 13    Spells: 15/15 levels left

rFire   . . .        a - +1 battleaxe (freeze)
rCold   + . .        (shield currently unavailable)
rNeg    . . .        S - +2 plate armour {Will+}
rPois   .            F - +1 hat
rElec   .            N - +1 cloak {Stlth+}
rCorr   .            (gloves unavailable)
SInv    .            D - +0 pair of boots
Will    ++...        (no amulet) Stlth
                     d - +4 ring of protection
HPRegen 0.42/turn    z - ring of protection from cold
MPRegen 0.15/turn

%: no passive effects
@: lethally poisoned (-1 -> -39)
A: claws 3, repulsion field 2, demonic guardian 2, foul stench 2, corrupting
presence 2
a: Renounce Religion, Berserk, Trog's Hand, Brothers in Arms


You were on level 15 of the Dungeon.
You worshipped Trog.
Trog was extremely pleased with you.
You visited 3 branches of the dungeon, and saw 22 of its levels.
You also visited: Sewer, Bailey and Ice Cave.

You collected 2834 gold pieces.
You spent 736 gold pieces at shops.

Inventory:

Hand Weapons
 a - a +1 battleaxe of freezing (weapon)
 b - the +9 whip "Tor Boc" {freeze, rElec MP+9}
   (You found it on level 6 of the Dungeon)

   rElec:     It insulates you from electricity.
   MP+9:      It affects your magic capacity (+9).
 c - a +0 glaive
 f - a +2 war axe of flaming
 Q - a +4 antimagic war axe
Missiles
 h - 11 boomerangs (quivered)
 u - a throwing net
Armour
 D - a +0 pair of boots (worn)
 F - a +1 hat (worn)
 N - a +1 cloak of stealth (worn)
 S - a +2 plate armour of willpower (worn)
Jewellery
 d - a +4 ring of protection (left claw)
 n - a ring of poison resistance
 t - a ring of resist corrosion
 z - a ring of protection from cold (right claw)
 C - a ring of magical power
 R - a ring of flight
Wands
 g - a wand of digging (3)
 v - a wand of mindburst (1)
 B - a wand of iceblast (1)
 E - a wand of flame (36)
 H - a wand of acid (7)
 M - a wand of paralysis (6)
Scrolls
 e - 4 scrolls of enchant weapon
 i - 7 scrolls of identify
 k - 6 scrolls of fog
 p - 14 scrolls of teleportation
 y - a scroll of fear
 G - a scroll of brand weapon
 I - a scroll of vulnerability
 K - 3 scrolls of poison
 L - 2 scrolls of revelation
 O - a scroll of silence
Potions
 j - 4 potions of attraction
 l - 3 potions of lignification
 m - a potion of cancellation
 o - a potion of invisibility
 q - 2 potions of mutation
 r - 6 potions of haste
 s - 5 potions of curing
 w - 2 potions of resistance
 x - 4 potions of might
 A - 6 potions of enlightenment
 J - 3 potions of berserk rage
 P - 4 potions of heal wounds


   Skills:
 + Level 14.3 Fighting
 * Level 19.5 Axes
 + Level 13.0 Armour
 - Level 8.0 Dodging
 - Level 6.0 Evocations


You had 15 spell levels left.
You didn't know any spells.
Your spell library was empty.

Dungeon Overview and Level Annotations

Branches:
Dungeon (15/15)            Temple (0/1) D:5            Lair (5/5) D:10
 Shoals (0/4) Lair:3       Spider (0/4) Lair:3        Slime (0/5) Lair:5
    Orc (2/2) D:12            Elf (0/3) Orc:2        Vaults (0/5) D:13
 Depths (0/4) D:15          Sewer (visited)          Bailey (visited)
  IceCv (visited)

Altars:
Ashenzari
Cheibriados
Hepliaklqana
Kikubaaqudgha
Makhleb
Nemelex Xobeh
Okawaru
Sif Muna
Uskayaw

Shops:
D:4 *   D:5 (   Orc:2 *(!?


Innate Abilities, Weirdness & Mutations

You have claws for hands.
You are surrounded by a moderate repulsion field. (EV +3)
A demonic guardian rushes to your aid.
You sometimes emit foul miasma when damaged in melee.
Your presence sometimes corrodes or deforms those you injure.


Message History

There is a stone staircase leading up, spattered with blood here.
As you open the large door, it creaks loudly!
There is a large open door here.
You enter the shallow water.
Moving in this stuff is going to be slow.
There is an ancient bone altar of Kikubaaqudgha here.
You enter the shallow water.
Moving in this stuff is going to be slow.
You open the door.
There is an open door here.
There is an open door, spattered with blood here.
You open the door.
There is an open door here.
You see here a +2 plate armour of poison resistance.
There is an open door, spattered with blood here.
You see here a +2 heavy great sword.
There is an open door, spattered with blood here.
There is an open door here.
You open the door.
Found a rapier and a leather armour.
There is an open door here.
Found a scroll of fog.
Found a ring mail.
A - 6 potions of enlightenment (gained 1)
Found a long sword.
A frost giant comes into view.
It is wielding the +7 morningstar "Korarph" {venom, *Rage rF+ SInv Stlth+}.
The frost giant shouts!
The frost giant gestures at you while chanting.
The bolt of cold hits you! You resist.
Found a lightning rod (4/4).
The frost giant goes berserk!
The frost giant hits you with the +7 morningstar "Korarph" {venom, *Rage rF+ SInv Stlth+}!!!
You barely miss the frost giant. You slice the fire dragon!!
You freeze the fire dragon.
The frost giant hits you with the +7 morningstar "Korarph" {venom, *Rage rF+ SInv Stlth+}!!!
* * * LOW HITPOINT WARNING * * *
A demonic guardian appears!
You are lethally poisoned!
The fire dragon breathes flames at you. The blast of flame hits you!!
You die...

....##≈... [[
.<..##≈!.... . .}≈≈
..<.##§..#. ..# ..≈##
.<..##≈(...##.###..≈≈
....##§§(###...#..)§##
######§§)##.}......≈≈#
#####§##.....}.# .?≈##
≈≈§§§###'.....###C.≈§#
...(.##.#....##.@D[≈##
..#...'#.#+..##.#.[≈≈#
..#.....#.#'..3§...≈##
##....÷.+#.##...).§§≈#
......<..'###§≈§§≈§≈##
#'#+#.....##≈########
.#.###....[≈##########
....#+.....≈##.......#
.P⌠..#..##§≈##..>....#


You could see a frost giant (berserk, ally target), a fire dragon (catching
breath) and a friendly sun demon (summoned).

Vanquished Creatures
  Gastronok (D:9)
  Frances (D:14)
  A storm dragon (D:15)
  A fire giant (shapeshifter) (D:15)
  2 frost giants (D:15)
  An ettin (D:15)
  Fannar (Orc:1)
  A yaktaur captain (D:13)
  2 fire dragons
  A great orb of eyes (D:10)
  An ice dragon (D:15)
  8 hydras
  11 centaur warriors
  2 ogre magi
  8 boulder beetles
  5 catoblepae
  5 death yaks (Lair:2)
  14 two-headed ogres
  3 tengu warriors
  An orc high priest (Orc:2)
  3 skysharks
  5 skeletal warriors
  A wizard (D:15)
  2 harpies (Lair:3)
  15 orc knights
  12 ugly things
  Pikel (D:7)
  An orc sorcerer (Orc:2)
  4 deep elf pyromancers
  A wolf spider (D:15)
  8 cyclopes
  5 elephants (Lair:4)
  5 manticores
  6 black mambas
  Maurice (Orc:1)
  Joseph (D:7)
  2 ice statues (IceCv)
  2 molten gargoyles (Lair:5)
  3 gargoyles
  A yaktaur (shapeshifter) (D:15)
  4 rime drakes
  6 cane toads
  Psyche (D:10)
  3 yaktaurs
  Maggie (D:9)
  A tengu conjurer (D:15)
  20 komodo dragons
  An efreet (D:15)
  5 freezing wraiths
  5 kobold demonologists
  An unseen horror (D:12)
  2 ice devils (D:11)
  6 meliai
  10 trolls
  A polar bear (Lair:3)
  3 hornets
  7 saltlings (Orc:2)
  3 blink frogs (Lair:1)
  4 dream sheep (Lair:5)
  11 slime creatures
  3 wraiths
  2 centaur simulacra (D:10)
  A vampire (D:13)
  A water elemental (D:12)
  3 ynoxinuls (D:9)
  6 shadows
  50 yaks
  Eustachio (D:6)
  8 wyverns
  An unseen horror simulacrum (D:10)
  6 basilisks
  9 vampire mosquitoes
  Grum (D:8)
  A death yak simulacrum (IceCv)
  A redback simulacrum (D:15)
  2 steam dragons (Lair:5)
  An acid dragon (D:12)
  11 water moccasins
  6 wargs
  3 hell hounds (Lair:5)
  2 black bears
  11 orc warriors
  4 ice beasts
  A meliai simulacrum (D:15)
  A sky beast (D:7)
  6 ogres
  2 boggarts (D:15)
  A lemure (D:7)
  14 centaurs
  21 wolves
  3 phantoms
  4 kobold brigands
  6 bullfrogs
  A cane toad simulacrum (IceCv)
  A scorpion (D:6)
  A wight (D:8)
  An elephant simulacrum (IceCv)
  7 killer bees
  5 howler monkeys
  7 electric eels
  5 lava snakes (Lair:5)
  A hound (D:5)
  6 jellies
  Crazy Yiuf (D:6)
  2 gnoll boudas
  6 orc priests
  A sleepcap (D:5)
  4 iguanas
  9 orc wizards
  7 hell rats
  A polar bear simulacrum (IceCv)
  11 gnolls
  12 adders
  4 river rats (Sewer)
  2 shadow imps
  A white imp (D:9)
  7 ufetubi
  4 worms
  A dart slug (D:5)
  41 orcs
  13 ball pythons
  6 bats
  7 endoplasms
  3 giant cockroaches
  9 hobgoblins
  A jackal (D:4)
  2 quokkas
  6 frilled lizards
  5 goblins
  31 kobolds
  30 rats
  A spectral weapon (D:15)
700 creatures vanquished.

Vanquished Creatures (collateral kills)
  A rakshasa (D:15)
  2 hydras
  Erica (D:9)
  The ghost of Dittersdorf the Protected, a journeyman GrFi of the Shining One (D:9)
  A tengu warrior (D:14)
  A skeletal warrior (D:13)
  2 deep elf pyromancers (D:15)
  A lindwurm (Lair:5)
  3 orc knights
  3 ugly things
  A cyclops (D:15)
  A guardian serpent (shapeshifter) (D:14)
  2 tengu conjurers
  A yak (Lair:5)
  A vampire mosquito (D:14)
  A warg (Orc:2)
  3 orc warriors
  An ogre (Orc:1)
  3 wolves (Lair:3)
  A centaur (D:15)
  A bullfrog (D:6)
  2 killer bees (Lair:3)
  A howler monkey (D:10)
  An orc priest (Orc:2)
  4 hell rats
  An orc wizard (Orc:2)
  2 river rats (Sewer)
  An adder (Sewer)
  A worm (D:2)
  2 orcs
  A rat (Sewer)
48 creatures vanquished.

Vanquished Creatures (others)
  A water moccasin (Lair:4)
1 creature vanquished.

Grand Total: 749 creatures vanquished

Notes
Turn   | Place    | Note
-------+----------+-------------------------------------------
     0 | D:1      | rjrrt the Demonspawn Berserker began the quest for the Orb.
     0 | D:1      | Reached XP level 1. HP: 18/18 MP: 1/1
    78 | D:1      | Reached skill level 3 in Axes
   114 | D:1      | Gained mutation: A weak demonic guardian rushes to your
                  | aid. [demonic ancestry]
   114 | D:1      | Reached XP level 2. HP: 9/24 MP: 2/2
   188 | D:1      | Found a faded altar of an unknown god.
   378 | D:1      | Gained mutation: You may rarely emit foul miasma when
                  | damaged in melee. [demonic ancestry]
   378 | D:1      | Reached XP level 3. HP: 29/29 MP: 3/3
   859 | D:1      | Reached skill level 4 in Axes
   933 | D:2      | Reached ** piety under Trog
  1165 | D:2      | Found a snail-covered altar of Cheibriados.
  1430 | D:2      | Reached XP level 4. HP: 29/35 MP: 4/4
  1941 | D:3      | Reached skill level 5 in Axes
  1974 | D:3      | Found a glowing drain.
  1979 | Sewer    | Entered a sewer
  2159 | Sewer    | Reached *** piety under Trog
  2167 | Sewer    | Gained mutation: You have sharp fingernails. [demonic
                  | ancestry]
  2167 | Sewer    | Reached XP level 5. HP: 24/41 MP: 5/5
  2374 | Sewer    | Reached skill level 6 in Axes
  2436 | Sewer    | Reached XP level 6. HP: 47/47 MP: 6/6
  2861 | D:3      | Reached skill level 7 in Axes
  3185 | D:4      | Found Plog's General Store.
  3196 | D:4      | Bought a scroll of noise for 11 gold pieces
  3196 | D:4      | Bought a potion of degeneration for 11 gold pieces
  3196 | D:4      | Bought a scroll of identify for 22 gold pieces
  3237 | D:4      | Reached XP level 7. HP: 43/52 MP: 7/7
  3395 | D:4      | Found a broken altar of Ashenzari.
  3473 | D:4      | Reached **** piety under Trog
  3716 | D:4      | Identified the +6 dagger of Xakoobam {drain, Drain rC+++
                  | rCorr Str-2}
  4177 | D:5      | Entered Level 5 of the Dungeon
  4226 | D:5      | Found a staircase to the Ecumenical Temple.
  4298 | D:5      | Found Gala's Antique Weapon Emporium.
  4365 | D:5      | Reached skill level 8 in Axes
  4987 | D:5      | Found a burning altar of Makhleb.
  4987 | D:5      | Noticed a cacodemon
  5110 | D:6      | Gained mutation: You sometimes emit foul miasma when
                  | damaged in melee. [demonic ancestry]
  5110 | D:6      | Reached XP level 8. HP: 40/58 MP: 8/8
  5113 | D:6      | Identified the +9 whip "Tor Boc" {freeze, rElec MP+9}
  5191 | D:6      | Reached skill level 9 in Axes
  5368 | D:6      | Reached skill level 14 in Axes
  5368 | D:6      | Gained mutation: A demonic guardian rushes to your aid.
                  | [demonic ancestry]
  5368 | D:6      | Reached XP level 9. HP: 64/64 MP: 9/9
  5376 | D:6      | Identified the +2 robe of the Evening {Dex+2}
  5446 | D:6      | Noticed Eustachio
  5458 | D:6      | Killed Eustachio
  5976 | D:6      | Found a snail-covered altar of Cheibriados.
  6119 | D:6      | Found a runed translucent door.
  6120 | D:6      | Noticed Crazy Yiuf
  6125 | D:6      | Killed Crazy Yiuf
  6272 | D:7      | Found a hide-covered altar of Uskayaw.
  6295 | D:7      | Found a flagged portal.
  6334 | D:7      | Noticed Joseph
  6344 | D:7      | Killed Joseph
  6425 | Bailey   | Entered a bailey
  6573 | Bailey   | Noticed an orc knight
  7067 | D:7      | Found a sparkling altar of Nemelex Xobeh.
  7338 | D:7      | Noticed Pikel
  7366 | D:7      | Reached skill level 1 in Evocations
  7384 | D:7      | Killed Pikel
  7385 | D:7      | Reached XP level 10. HP: 49/73 MP: 10/10
  8139 | D:8      | Reached skill level 5 in Fighting
  8381 | D:8      | Found a large runed translucent door.
  8381 | D:8      | Found a large runed translucent door.
  8437 | D:8      | Noticed Grum
  8464 | D:8      | Killed Grum
  9420 | D:8      | Found an iron altar of Okawaru.
  9448 | D:8      | Found a shimmering blue altar of Sif Muna.
  9494 | D:9      | Noticed Erica
  9496 | D:9      | Noticed Gastronok
  9958 | D:9      | Noticed Maggie
  9982 | D:9      | Killed Maggie
 10569 | D:9      | Killed Erica
 10744 | D:9      | Killed Gastronok
 10745 | D:9      | Reached skill level 5 in Armour
 10745 | D:9      | Gained mutation: You have very sharp fingernails. [demonic
                  | ancestry]
 10745 | D:9      | Reached XP level 11. HP: 81/81 MP: 11/11
 11161 | D:10     | Entered Level 10 of the Dungeon
 11161 | D:10     | Found a runed translucent gate.
 11161 | D:10     | Found a runed translucent gate.
 11162 | D:10     | Found a runed translucent gate.
 11446 | D:10     | Noticed Dittersdorf's ghost (journeyman GrFi)
 11634 | D:10     | Noticed Psyche
 11644 | D:10     | Killed Psyche
 11692 | D:10     | Found a staircase to the Lair.
 11884 | D:10     | Noticed a boulder beetle
 11889 | D:10     | Reached skill level 15 in Axes
 11901 | D:10     | Killed a boulder beetle
 12088 | D:10     | Noticed a deep elf pyromancer
 12099 | D:10     | Killed a deep elf pyromancer
 12104 | D:10     | Identified the +2 chain mail "Jutt" {rPois rC- rN+ Str+3}
 12156 | D:10     | Noticed a great orb of eyes
 12163 | D:10     | Killed a great orb of eyes
 12173 | D:10     | Found the +10 Black Knight's barding {ponderous, rPois rN+}
 12207 | D:10     | Noticed a four-headed hydra
 12207 | D:10     | Noticed a boulder beetle
 12218 | D:10     | Killed a one-headed hydra
 12264 | D:10     | Killed a boulder beetle
 12334 | D:10     | Noticed a four-headed hydra
 12346 | D:10     | Killed a one-headed hydra
 12934 | D:9      | Killed Dittersdorf's ghost
 13161 | D:10     | Got the ring of the Decaying God {Fire rPois Slay-6 Stlth+}
 13209 | Lair:1   | Entered Level 1 of the Lair of Beasts
 13222 | Lair:1   | Gained mutation: You are surrounded by a mild repulsion
                  | field. (EV +2) [demonic ancestry]
 13222 | Lair:1   | Reached XP level 12. HP: 59/94 MP: 12/12
 13825 | Lair:1   | Identified the staff of Karma {rElec rF- rC- rN+++ Dex+3
                  | Air}
 14711 | Lair:2   | Noticed a death yak
 14713 | Lair:2   | Noticed a death yak
 14734 | Lair:2   | Killed a death yak
 14864 | Lair:2   | Reached skill level 16 in Axes
 14867 | Lair:2   | Noticed a death yak
 14885 | Lair:2   | Noticed a death yak
 14887 | Lair:2   | Killed a death yak
 14893 | Lair:2   | Noticed a death yak
 14899 | Lair:2   | Killed a death yak
 14909 | Lair:2   | Killed a death yak
 14911 | Lair:2   | Killed a death yak
 16410 | Lair:3   | Gained mutation: You have claws for hands. [demonic
                  | ancestry]
 16410 | Lair:3   | Reached XP level 13. HP: 83/103 MP: 13/13
 16460 | Lair:3   | Reached skill level 10 in Fighting
 16469 | Lair:3   | Reached ***** piety under Trog
 16903 | Lair:3   | Found a staircase to the Shoals.
 17213 | Lair:3   | Found a hole to the Spider Nest.
 17219 | Lair:3   | Reached skill level 5 in Dodging
 19235 | Lair:5   | Entered Level 5 of the Lair of Beasts
 19604 | Lair:5   | Found a staircase to the Slime Pits.
 20669 | Lair:5   | Reached skill level 10 in Armour
 20686 | Lair:5   | HP: 4/106 [poisoned by a black mamba]
 21003 | Lair:5   | Gained mutation: You are surrounded by a moderate repulsion
                  | field. (EV +3) [demonic ancestry]
 21003 | Lair:5   | Reached XP level 14. HP: 113/113 MP: 14/14
 21376 | Lair:5   | Found a large runed translucent door.
 21377 | Lair:5   | Found a large runed translucent door.
 21386 | Lair:5   | Found the +4 skin of Zhor {*Englaciate rC+++ SInv}
 21933 | D:11     | Found a frozen archway.
 21956 | D:11     | Reached skill level 17 in Axes
 21963 | IceCv    | Entered an ice cave
 22099 | IceCv    | Found a transporter.
 22110 | IceCv    | Found a transporter.
 22411 | D:11     | Found a sparkling altar of Nemelex Xobeh.
 23697 | D:12     | Found a staircase to the Orcish Mines.
 23854 | D:12     | Received a gift from Trog
 24083 | D:12     | You fall into a shaft and drop 1 floor!
 24753 | D:13     | Found a gate to the Vaults.
 25086 | D:13     | Reached skill level 5 in Evocations
 26084 | Orc:1    | Entered Level 1 of the Orcish Mines
 26103 | Orc:1    | Gained mutation: Your presence sometimes corrodes those you
                  | injure. [demonic ancestry]
 26103 | Orc:1    | Reached XP level 15. HP: 122/122 MP: 15/15
 26683 | Orc:1    | Noticed Fannar
 26696 | Orc:1    | Killed Fannar
 26829 | Orc:1    | Noticed Maurice
 26861 | Orc:1    | Killed Maurice
 27016 | Orc:2    | Entered Level 2 of the Orcish Mines
 27027 | Orc:2    | Reached ****** piety under Trog
 27383 | Orc:2    | Received a gift from Trog
 27731 | Orc:2    | Found a staircase to the Elven Halls.
 27945 | Orc:1    | You fall into a shaft and drop 1 floor!
 28339 | Orc:2    | Found Noif's Distillery.
 28658 | Orc:2    | Reached skill level 18 in Axes
 28814 | Orc:2    | Found Waupheiwei's General Store.
 28855 | Orc:2    | Found Pydaf's Magic Scroll Shoppe.
 28871 | Orc:2    | Bought a scroll of silence for 123 gold pieces
 28871 | Orc:2    | Bought a scroll of fog for 52 gold pieces
 28871 | Orc:2    | Bought a scroll of revelation for 97 gold pieces
 28875 | Orc:2    | Bought a potion of heal wounds for 70 gold pieces
 28875 | Orc:2    | Bought 2 potions of heal wounds for 140 gold pieces
 28875 | Orc:2    | Bought a potion of heal wounds for 70 gold pieces
 28875 | Orc:2    | Bought 2 potions of enlightenment for 140 gold pieces
 28889 | Orc:2    | Found Kothrumm's Weapon Shoppe.
 29348 | D:14     | Noticed Frances
 29364 | D:14     | Killed Frances
 29372 | D:14     | Received a gift from Trog
 30119 | D:14     | Found a hazy altar of Hepliaklqana.
 30312 | D:15     | Entered Level 15 of the Dungeon
 31294 | D:15     | Found a staircase to the Depths.
 31354 | D:15     | Found an iron altar of Okawaru.
 31355 | D:15     | Found a broken altar of Ashenzari.
 31356 | D:15     | Found an ancient bone altar of Kikubaaqudgha.
 31410 | D:15     | Gained mutation: Your presence sometimes corrodes or
                  | deforms those you injure. [demonic ancestry]
 31410 | D:15     | Reached XP level 16. HP: 117/132 MP: 16/16
 32134 | D:15     | Reached skill level 19 in Axes
 33457 | D:15     | Identified the +7 war axe of Cheese {spect, rElec rPois rC-
                  | Str+2}
 33469 | D:15     | Noticed a storm dragon
 33485 | D:15     | Killed a storm dragon
 33743 | D:15     | Received a gift from Trog
 34127 | D:15     | Identified the +7 morningstar "Korarph" {venom, *Rage rF+
                  | SInv Stlth+}
 34133 | D:15     | Killed from afar by a fire dragon

Illustrated notes

Levels and vault maps discovered:
D:1:      minmay_arrival_checkered_box, layout_basic,
          shapermc_ecumenical_altar_mp_vishouse, minmay_rat_gold_closets
D:2:      layout_basic, basic_altar, skrybe_limestone_x,
          kennysheep_generic_room_3
D:3:      layout_rooms, gup_sewer_entry_bowl, serial_bayou_ford_a,
          minmay_crystal_water, minmay_crystal_room
D:4:      minmay_door_path, layout_cave_pods, mainiacjoe_overflow_catwalk,
          serial_shops, nicolae_stop_n_shop_1, minmay_misc_feat_encased,
          due_unseen_surprise
D:5:      layout_basic, makhleb_altar_promises_db,
          minmay_temple_entry_antechambers, serial_shops,
          nicolae_lakefront_shop, amethyst_killhole
D:6:      layout_basic, slow_altar_2, nicolae_titane, uniq_eustachio,
          uniq_crazy_yiuf_cottage
D:7:      layout_basic, marbit_many_paths,
          nicolae_uskayaw_murder_on_the_dancefloor, enter_bailey_8,
          hangedman_abyss_or_decor_stagger, uniq_pikel, uniq_joseph
D:8:      layout_layer_cave, jmf_multi_god_temple2, uniq_grum
D:9:      layout_stronghold, nicolae_fort_ynox, uniq_erica, uniq_maggie,
          uniq_gastronok
D:10:     nicolae_hexawheel, layout_cross, david_lair_shrubbed,
          gammafunk_ghost_icy, nicolae_two_hexagons, kennysheep_dice,
          uniq_psyche
D:11:     layout_basic, portal_ice_cave_demonic_guard,
          ebering_dispersal_statue_hall, corexii_checkpoint_a,
          nemelex_spade_bored_becter
D:12:     minmay_bloctagon, layout_cave_pools, serial_bayou,
          serial_bayou_crossing, serial_bayou_shore_a, serial_bayou_pond_e,
          serial_bayou_lagoon_b, serial_bayou_pond_a, serial_bayou_pond_e
D:13:     nooodl_glass_maze, layout_irregular_city, david_vaults_2
D:14:     layout_cave_pools, nicolae_hepliaklqana_hazy_memory,
          minmay_diced_spiral, uniq_frances
D:15:     hangedman_slaughterboxes
Lair:1:   layout_regular_city
Lair:2:   layout_regular_city, beast_lair_carwin_11
Lair:3:   layout_long_grid, nicolae_shoals_entry_roost,
          hellmonk_spider_entry_not_the_bees, infiniplex_staircase_pool,
          grunt_megastairs_3
Lair:4:   layout_regular_city, serial_bayou, serial_bayou_pond_c,
          serial_bayou_pond_e, serial_bayou_pond_d, serial_bayou_pond_d,
          beast_lair_carwin_3
Lair:5:   cheibrodos_lair_end_hotspot, layout_cave_pods,
          nicolae_slime_entry_field_trip
Orc:1:    layout_diamond_mine, mines1_david, uniq_maurice, uniq_fannar
Orc:2:    hellmonk_orc_salted, layout_caves

Skill      XL: |  1  2  3  4  5  6  7  8  9 10 11 12 13 14 15 16 |
---------------+-------------------------------------------------+-----
Axes           | 3 4 5 6 7 8 14 15 16 17 18 19 | 19.5
Armour         | 2 3 5 7 8 10 11 12 13 | 13.0
Fighting       | 4 6 8 9 11 12 13 14 | 14.3
Evocations     | 1 3 4 5 6 |  6.0
Dodging        | 4 6 8 |  8.0

Action                     |  1- 3 |  4- 6 |  7- 9 | 10-12 | 13-15 | 16-18 || total
---------------------------+-------+-------+-------+-------+-------+-------++-------
  Melee: Hand axe          |   108 |   195 |       |       |       |       ||   303
         Punch             |     2 |     1 |     1 |     8 |    24 |       ||    36
         War axe           |       |    13 |   113 |   429 |   995 |       ||  1550
         Whip              |       |       |   145 |   184 |     2 |       ||   331
         Battleaxe         |       |       |       |       |   300 |   299 ||   599
  Throw: Boomerang         |       |       |       |       |     6 |       ||     6
 Invoke: Berserk           |     2 |     8 |     4 |    13 |    19 |     6 ||    52
         Trog's Hand       |       |       |       |       |       |     1 ||     1
  Evoke: Wand              |       |       |       |     2 |    21 |       ||    23
    Use: Scroll            |       |     4 |    16 |     5 |     3 |       ||    28
         Potion            |       |       |     1 |       |     3 |       ||     4
   Stab: Sleeping          |     3 |       |       |       |       |       ||     3
         Distracted        |       |       |       |     2 |     1 |     2 ||     5
         Petrified         |       |       |       |       |     2 |       ||     2
 Armour: Animal skin       |     9 |       |       |       |     5 |       ||    14
         Chain mail        |    27 |   122 |   136 |   270 |   255 |       ||   810
         Crystal plate arm |       |       |       |       |   482 |    56 ||   538
         Plate armour      |       |       |       |       |       |   157 ||   157
  Dodge: Dodged            |    50 |    88 |    74 |   207 |   577 |   144 ||  1140

Table legend: (Time is in decaauts)
 A = Elapsed time spent in this place.
 B = Non-inter-level travel time spent in this place.
 C = Inter-level travel time spent in this place.
 D = Time resting spent in this place.
 E = Time spent auto-exploring this place.
 F = Levels seen in this place.
 G = Mean time per level.
                   A        B        C        D        E       F      G
               +--------+--------+--------+--------+--------+-----+--------+
         Total |  34038 |  33078 |    960 |   8686 |  14200 |  25 | 1361.5 |
       Dungeon |  21783 |  21302 |    481 |   5617 |   9672 |  15 | 1452.2 |
          Lair |   8303 |   7940 |    363 |   1674 |   3674 |   5 | 1660.6 |
  Orcish Mines |   2621 |   2505 |    116 |    909 |    702 |   2 | 1310.5 |
         Sewer |    817 |    817 |      0 |    193 |    151 |   1 |  817.0 |
        Bailey |    162 |    162 |      0 |     66 |      0 |   1 |  162.0 |
      Ice Cave |    350 |    350 |      0 |    226 |      0 |   1 |  350.0 |
               +--------+--------+--------+--------+--------+-----+--------+

Top non-repeatable levels by time:
    D:15: 3529 daAuts
  Lair:5: 2246 daAuts
    D:13: 1957 daAuts
    D:10: 1867 daAuts
     D:8: 1834 daAuts
  Lair:2: 1828 daAuts
    D:12: 1688 daAuts
     D:9: 1639 daAuts
   Orc:2: 1610 daAuts
     D:7: 1516 daAuts
  Lair:4: 1493 daAuts
  Lair:1: 1449 daAuts
  Lair:3: 1285 daAuts
    D:14: 1232 daAuts
     D:6: 1071 daAuts
